 Dungeon Crawl Stone Soup version 0.29-a0-722-g64f5989226 (webtiles) character file.

Game seed: 17607056040145250262

4737 Bruhh the Destroyer (level 10, -9/74 HPs)
             Began as a Human Conjurer on June 28, 2022.
             Was a Believer of Vehumet.
             Killed from afar by a centaur (18 damage)
             ... with a bolt of acid
             ... on level 9 of the Dungeon.
             The game lasted 00:18:35 (11874 turns).

Bruhh the Destroyer (Human Conjurer)               Turns: 11874, Time: 00:18:36

Health: -9/74      AC:  0    Str:  7    XL:     10   Next: 74%
Magic:  21/22      EV: 12    Int: 23    God:    Vehumet [**....]
Gold:   602        SH:  0    Dex: 12    Spells: 15/25 levels left

rFire   + . .      SeeInvis .   q - +3 hammer (vorpal)
rCold   + . .      Faith    .   (no shield)
rNeg    . . .      Spirit   .   a - +0 robe
rPois   .          Reflect  .   (no helmet)
rElec   .          Harm     .   (no cloak)
rCorr   .          Rampage  .   r - +0 pair of gloves
Will    .....                   y - +0 pair of boots
Stlth   ++........              c - amulet of magic regeneration
HPRegen 0.22/turn               o - ring of protection from cold
MPRegen 0.58/turn               m - ring of protection from fire

@: corroded
A: no striking features
a: Renounce Religion


You were on level 9 of the Dungeon.
You worshipped Vehumet.
Vehumet was pleased with you.
You visited 2 branches of the dungeon, and saw 10 of its levels.

You collected 602 gold pieces.

Inventory:

Hand Weapons
 q - a +3 vorpal hammer (weapon)
Armour
 a - a +0 robe (worn)
 r - a +0 pair of gloves (worn)
 y - a +0 pair of boots (worn)
Jewellery
 c - an amulet of magic regeneration (around neck)
 m - a ring of protection from fire (right hand)
 o - a ring of protection from cold (left hand)
 D - a ring of protection from fire
Wands
 w - a wand of flame (35)
 F - a wand of iceblast (13)
Scrolls
 d - a scroll of teleportation
 e - 4 scrolls of amnesia
 f - a scroll of fog {unknown}
 j - a scroll of immolation {unknown}
 n - a scroll of identify
 p - 2 scrolls of magic mapping {unknown}
 s - 2 scrolls of enchant weapon {unknown}
 u - 3 scrolls of poison
 B - 2 scrolls of enchant armour {unknown}
 C - a scroll of silence {unknown}
 E - a scroll of summoning {unknown}
 G - a scroll of fear {unknown}
Potions
 b - a potion of resistance {unknown}
 g - 2 potions of brilliance
 h - a potion of might
 i - a potion of berserk rage
 k - 2 potions of attraction
 l - a potion of haste
 v - 2 potions of degeneration
 A - 3 potions of flight


   Skills:
 - Level 5.0 Fighting
 - Level 2.0 Dodging
 - Level 2.0 Stealth
 - Level 8.0 Spellcasting
 + Level 9.7 Conjurations
 - Level 5.0 Translocations
 - Level 5.0 Earth Magic


You had 15 spell levels left.
You knew the following spells:

 Your Spells              Type           Power      Damage    Failure   Level
a - Magic Dart            Conj           100%       1d8       1%          1
b - Searing Ray           Conj           100%       2d8       1%          2
c - Iskenderun's Mystic   Conj/Tloc      43%        2d10      3%          4
d - Stone Arrow           Conj/Erth      86%        3d12      1%          3

Your spell library contained the following spells:

 Spells                   Type           Power      Damage    Failure   Level
 Poisonous Vapours        Pois/Air       18%        N/A       11%         2
 Sandblast                Erth           64%        2d14      1%          1
 Static Discharge         Conj/Air       31%        N/A       1%          2
 Dazzling Flash           Conj/Hex       62%        N/A       2%          3
 Passwall                 Tmut/Erth      16%        N/A       3%          2
 Passage of Golubria      Tloc           32%        N/A       9%          4
 Fulminant Prism          Conj/Hex       15%        3d11      10%         4
 Sublimation of Blood     Necr           9%         N/A       11%         2
 Wereblood                Tmut           9%         N/A       11%         2
 Tukima's Dance           Hex            9%         N/A       21%         3
 Petrify                  Tmut/Erth      20%        N/A       24%         4
 Lightning Bolt           Conj/Air       15%        1d29      26%         5
 Summon Ice Beast         Ice/Summ       9%         N/A       56%         4
 Metabolic Englaciation   Hex/Ice        4%         N/A       88%         5
 Summon Mana Viper        Hex/Summ       9%         N/A       88%         5
 Yara's Violent Unravell  Hex/Tmut       4%         3d4       88%         5
 Statue Form              Tmut/Erth      13%        N/A       98%         6
 Monstrous Menagerie      Summ           4%         N/A       100%        7
 Summon Hydra             Summ           4%         N/A       100%        7
 Maxwell's Capacitive Co  Air            4%         ∞         100%        8


Dungeon Overview and Level Annotations

Branches:
Dungeon (9/15)             Temple (1/1) D:4             Orc (0/2) D:9
   Lair: D:8-11

Altars:
Ashenzari
Cheibriados
Dithmenos
Hepliaklqana
Makhleb
Nemelex Xobeh
Okawaru
Qazlal
Ru
Sif Muna
Trog
Uskayaw
Vehumet
Zin
The Shining One

Annotations:
D:2 1 runed translucent door, Crazy Yiuf


Message History

An orc is nearby!
Items here: ( ) [ †.
HP restored.
There is a stone staircase leading down here.
An orc priest comes into view.
It is wielding a +0 hand axe and wearing a +0 chain mail of willpower.
An orc priest is nearby!
An orc priest is nearby!
An orc priest is nearby!
The orc priest shouts!
You hear two shouts!
A centaur comes into view.
It is wielding a +0 short sword and carrying a wand of acid (8).
The stone arrow hits the orc priest!!
You kill the orc priest!
Vehumet accepts your kill.
The centaur unwields a +0 short sword.
The centaur wields a +0 shortbow of freezing.
It is covered in frost.
The centaur shoots an arrow.
The arrow closely misses you.
A two-headed ogre comes into view. It is wielding two +0 giant clubs.
Found a staircase to the Orcish Mines.
The centaur zaps a wand.
The bolt of acid hits you!! The acid corrodes you!
The centaur shoots an arrow.
The arrow hits you! The arrow freezes you.
The centaur zaps a wand.
The bolt of acid hits you!!
* * * LOW HITPOINT WARNING * * *
You are too injured to fight recklessly!
You are too injured to fight recklessly!
Unknown command.
Okay, then.
Okay, then.
Okay, then.
Okay, then.
Aiming: Iceblast
Press: ? - help, Shift-Dir - straight line The mass of ice explodes!
The iceblast engulfs the centaur!
The centaur is moderately wounded.
You hear a shout!
You hear a howl!
The centaur shoots an arrow.
The arrow hits you!
* * * LOW HITPOINT WARNING * * *
An orc warrior comes into view. It is wielding a +0 rapier.
The centaur zaps a wand.
The bolt of acid hits you!!
You die...

..#...........### ##.#
# ##...####.....####..
#. ##..)# #....#...>...
#.##))).###...##...###.
..##..#)).)##....######
##
..........)...........#
.....##...............#
#....##....##.........#
#.....O..@)##.........#
....^..........##....#
......(.......# ....#
............... ....#
......c......... ..
...............
o....>.........
...............


You could see a two-headed ogre, an orc warrior and a centaur.

Vanquished Creatures
  A cyclops (D:8)
  A manticore (D:8)
  A kobold demonologist (D:9)
  A wraith (D:8)
  A wyvern (D:9)
  A human (D:9)
  2 steam dragons (D:7)
  A warg (D:9)
  Duvessa (D:5)
  2 orc warriors (D:8)
  A sky beast (D:7)
  A black bear (D:6)
  An ice beast (D:8)
  A phantom (D:6)
  2 kobold brigands
  4 bullfrogs (D:8)
  A gnoll sergeant (D:8)
  A necrophage (D:6)
  2 scorpions (D:4)
  4 wights (D:8)
  Dowan (D:5)
  5 killer bees
  4 howler monkeys
  2 electric eels (D:8)
  A gnoll shaman (D:6)
  2 hounds
  4 orc priests
  3 jellies
  Jessica (D:2)
  2 iguanas
  Natasha (twice) (D:2)
  9 orc wizards
  12 gnolls
  2 adders
  2 shadow imps
  2 ufetubi
  A worm (D:3)
  A dart slug (D:5)
  25 orcs
  7 ball pythons
  10 endoplasms
  4 giant cockroaches
  5 goblins
  5 hobgoblins
  3 jackals (D:5)
  3 bats (D:1)
  2 frilled lizards
  9 kobolds
  8 rats
167 creatures vanquished.

Vanquished Creatures (others)
  A white imp (D:7)
  A plant (D:8)
2 creatures vanquished.

Grand Total: 169 creatures vanquished

Notes
Turn   | Place    | Note
-------+----------+-------------------------------------------
     0 | D:1      | Bruhh the Human Conjurer began the quest for the Orb.
     0 | D:1      | Reached XP level 1. HP: 13/13 MP: 3/3
   159 | D:1      | Found a faded altar of an unknown god.
   185 | D:1      | Reached XP level 2. HP: 19/19 MP: 3/5
   662 | D:1      | Reached XP level 3. HP: 24/24 MP: 3/6
  1138 | D:2      | Noticed Natasha
  1143 | D:2      | Killed Natasha
  1144 | D:2      | Reached XP level 4. HP: 30/30 MP: 3/8
  1147 | D:2      | Learned a level 2 spell: Searing Ray
  1192 | D:2      | Noticed Jessica
  1234 | D:2      | Found a runed translucent door.
  1235 | D:2      | Noticed Crazy Yiuf
  1486 | D:2      | Killed Jessica
  1936 | D:2      | Noticed Natasha
  2015 | D:2      | Killed Natasha
  2016 | D:2      | Reached skill level 5 in Conjurations
  2016 | D:2      | Reached XP level 5. HP: 25/35 MP: 4/10
  2713 | D:4      | Found a staircase to the Ecumenical Temple.
  2736 | Temple   | Entered the Ecumenical Temple
  2752 | Temple   | Became a worshipper of Vehumet
  3031 | D:4      | Reached XP level 6. HP: 14/41 MP: 5/13
  3481 | D:4      | Reached skill level 5 in Spellcasting
  3565 | D:4      | Found a sparkling altar of Nemelex Xobeh.
  3716 | D:4      | Found a snail-covered altar of Cheibriados.
  3722 | D:4      | Reached XP level 7. HP: 46/46 MP: 10/14
  3749 | D:4      | Found a glowing silver altar of Zin.
  3982 | D:5      | Entered Level 5 of the Dungeon
  3988 | D:5      | Noticed Dowan
  4001 | D:5      | Noticed Duvessa
  4354 | D:5      | Reached skill level 6 in Conjurations
  4689 | D:5      | Killed Duvessa
  4692 | D:5      | Killed Dowan
  5115 | D:6      | Reached XP level 8. HP: 17/52 MP: 13/17
  5563 | D:6      | Reached skill level 7 in Conjurations
  5566 | D:6      | Reached skill level 1 in Translocations
  6533 | D:7      | Reached XP level 9. HP: 20/58 MP: 16/19
  6816 | D:7      | Reached skill level 1 in Fighting
  6903 | D:7      | Learned a level 4 spell: Iskenderun's Mystic Blast
  7188 | D:7      | Reached * piety under Vehumet
  7188 | D:7      | Offered knowledge of Freeze by Vehumet.
  7580 | D:7      | Identified the +4 falchion "Beastbane" {vorpal, Str+3}
  9016 | D:8      | Reached skill level 5 in Translocations
  9602 | D:8      | Reached skill level 8 in Conjurations
  9859 | D:8      | Reached skill level 5 in Fighting
  9868 | D:8      | Offered knowledge of Poisonous Vapours by Vehumet.
 10681 | D:7      | Learned a level 3 spell: Stone Arrow
 10820 | D:8      | Noticed a cyclops
 10820 | D:8      | Noticed a death knight
 10820 | D:8      | Noticed a manticore
 10848 | D:8      | Killed a cyclops
 10849 | D:8      | Reached XP level 10. HP: 40/74 MP: 10/21
 10932 | D:8      | Noticed a centaur warrior
 10957 | D:8      | Killed a manticore
 11136 | D:9      | Reached skill level 9 in Conjurations
 11244 | D:8      | Noticed a centaur warrior
 11619 | D:9      | Reached ** piety under Vehumet
 11637 | D:9      | Identified the +9 dagger of the Bedazzled God {venom, MP+9
                  | Dex+6 Stlth-}
 11641 | D:9      | Noticed a kobold demonologist
 11654 | D:9      | Killed a kobold demonologist
 11660 | D:9      | Reached skill level 5 in Earth Magic
 11872 | D:9      | Found a staircase to the Orcish Mines.
 11872 | D:9      | Noticed a two-headed ogre
 11874 | D:9      | Killed from afar by a centaur

Illustrated notes

Levels and vault maps discovered:
D:1:      shiori_shiawase, layout_loops_ring, shapermc_ecumenical_altar_venn
D:2:      layout_basic, uniq_jessica, uniq_crazy_yiuf_cottage, uniq_natasha
D:3:      layout_basic, minivault_14
D:4:      layout_loops_ring, jmf_multi_god_temple,
          nemelex_xobeh_ov_fountains_minmay, temple_green
D:5:      layout_loops_corners, nicolae_ossuary_entry_monument,
          minmay_misc_feat_hallway, uniq_duvessa
D:6:      layout_layer_cave
D:7:      layout_layer_cave, minmay_misc_feat_cross, eino_tiny_chamber
D:8:      minmay_the_grid_triangle_9x9_rhombus_thin
          [minmay_the_grid_triangle_9x9_negative_grid,
          minmay_the_grid_triangle_9x9_prize_center,
          minmay_the_grid_triangle_9x9_stretched_checkered,
          minmay_the_grid_triangle_9x9_zippers_vertical], layout_loops_ring,
          kennysheep_cross_room, amcnicky_mini_rare_corridor_liquid,
          serial_bayou_pond_e
D:9:      layout_layer_cave, erik_orc_4, lightli_fourway_metalbox
Temple:   compressed_dpeg_triangle_lava_temple

Skill      XL: |  1  2  3  4  5  6  7  8  9 10 |
---------------+-------------------------------+-----
Spellcasting   | 3 4 5 6 7 8 |  8.0
Conjurations   | 5 6 7 8 9 |  9.7
Translocations | 4 5 |  5.0
Fighting       | 5 |  5.0
Earth Magic    | 2 5 |  5.0
Dodging        | |  2.0
Stealth        | |  2.0

Action                   |  1- 3 |  4- 6 |  7- 9 | 10-12 || total
-------------------------+-------+-------+-------+-------++-------
Melee: Mace              |       |     5 |    11 |     6 ||    22
 Cast: Magic Dart        |    44 |    43 |     3 |     1 ||    91
       Searing Ray       |       |    16 |    77 |     1 ||    94
       Iskenderun's Myst |       |       |    39 |    16 ||    55
       Stone Arrow       |       |       |     4 |    22 ||    26
Evoke: Wand              |       |       |       |     1 ||     1
  Use: Potion            |       |     3 |     4 |     6 ||    13
       Scroll            |       |       |     7 |     4 ||    11
Armor: Robe              |       |     6 |    23 |     3 ||    32
       Skin              |       |       |       |    27 ||    27
Dodge: Dodged            |     3 |    13 |    56 |    12 ||    84

Table legend: (Time is in decaauts)
 A = Elapsed time spent in this place.
 B = Non-inter-level travel time spent in this place.
 C = Inter-level travel time spent in this place.
 D = Time resting spent in this place.
 E = Time spent auto-exploring this place.
 F = Levels seen in this place.
 G = Mean time per level.
                   A        B        C        D        E       F      G
               +--------+--------+--------+--------+--------+-----+--------+
         Total |  11889 |  11441 |    448 |   1819 |   8256 |  10 | 1188.9 |
       Dungeon |  11848 |  11400 |    448 |   1819 |   8252 |   9 | 1316.4 |
        Temple |     40 |     40 |      0 |      0 |      4 |   1 |   40.0 |
               +--------+--------+--------+--------+--------+-----+--------+

Top non-repeatable levels by time:
     D:7: 3398 daAuts
     D:8: 1724 daAuts
     D:4: 1310 daAuts
     D:6: 1279 daAuts
     D:1: 1098 daAuts
     D:2: 1093 daAuts
     D:5: 1047 daAuts
     D:3: 512 daAuts
     D:9: 383 daAuts
  Temple: 40 daAuts
